[ AOE2 MATCH · #506699317 ]
UnrankedMongols vs Teutons
Player's team · WIN
Rival team · LOSS
[ REPLAY ANALYSIS · EXTRACTED FROM THE RECORDED GAME ]
Feudal
9:26
Castle
—
Imperial
—
| APM avg | 51.6 |
| APM peak | 110 |
| eAPM avg | 19.4 |
| Villagers / military | 34 / 4 |
Focus
⚔️ 16.0% · 🌾 84.0%
Militia ×3 · Spearman ×1
Feudal
9:29
Castle
—
Imperial
—
| APM avg | 27.2 |
| APM peak | 46 |
| eAPM avg | 14.5 |
| Villagers / military | 32 / 0 |
Focus
⚔️ 27.0% · 🌾 73.0%
Match map
Initial resources + every placement click. Lines = walls · curves = elevation contours. ◆ gold · ⬟ stone · ● berries · ✦ relic · ◌ wall gap
Your base· Open — unwalled flank
Lord_calderon's base· Open — unwalled flank
Smoothed initial terrain · ◌ = detected wall gap · hover for details
Inputs per minute
— BarddoK - - Lord_calderon
Build order — BarddoK
73 actions detected in the replay
| 0:02 | Build | House |
| 0:02 | Build | House |
| 0:03 | Queue | Villager (Male) |
| 0:03 | Queue | Villager (Male) |
| 0:03 | Queue | Villager (Male) |
| 0:18 | Queue | Villager (Male) |
| 1:27 | Queue | Villager (Male) |
| 1:48 | Build | Lumber Camp |
| 2:07 | Queue | Villager (Male) |
| 2:29 | Queue | Villager (Male) |
| 2:48 | Research | Loom |
| 2:52 | Queue | Villager (Male) |
| 3:22 | Queue | Villager (Male) |
| 3:40 | Queue | Villager (Male) |
| 3:44 | Build | House |
| 3:45 | Build | Palisade Wall |
| 3:46 | Build | Palisade Wall |
| 4:22 | Queue | Villager (Male) |
| 4:34 | Queue | Villager (Male) |
| 5:06 | Queue | Villager (Male) |
| 5:53 | Queue | Villager (Male) |
| 5:53 | Queue | Villager (Male) |
| 5:57 | Build | Mill |
| 6:03 | Build | House |
| 6:38 | Queue | Villager (Male) |
| 7:16 | Research | Feudal Age |
| 7:16 | Research | Feudal Age |
| 7:44 | Build | Barracks |
| 7:47 | Build | House |
| 8:23 | Build | Mining Camp |
| 8:28 | Queue | Militia |
| 8:29 | Queue | Militia |
| 9:25 | Queue | Villager (Male) |
| 9:25 | Queue | Villager (Male) |
| 9:26 | Age | Feudal Age |
| 9:28 | Research | Double-Bit Axe |
| 9:41 | Queue | Spearman |
| 9:56 | Research | Man-at-Arms (upgrade) |
| 10:10 | Queue | Villager (Male) |
| 10:41 | Queue | Villager (Male) |
| 10:53 | Build | Watch Tower |
| 11:03 | Queue | Villager (Male) |
| 11:09 | Build | Farm |
| 11:16 | Build | House |
| 11:53 | Build | Watch Tower |
| 12:04 | Queue | Villager (Male) |
| 12:04 | Queue | Villager (Male) |
| 12:05 | Queue | Villager (Male) |
| 12:12 | Build | Farm |
| 12:13 | Build | Farm |
| 12:14 | Build | Farm |
| 12:15 | Build | Farm |
| 12:15 | Build | Farm |
| 12:15 | Build | Farm |
| 12:15 | Build | Farm |
| 12:19 | Build | Farm |
| 12:19 | Build | Farm |
| 12:19 | Build | Farm |
| 12:20 | Build | Farm |
| 12:20 | Build | Farm |
| 12:20 | Build | Farm |
| 12:20 | Build | Farm |
| 12:32 | Queue | Militia |
| 13:43 | Queue | Villager (Male) |
| 13:43 | Queue | Villager (Male) |
| 13:43 | Queue | Villager (Male) |
| 14:08 | Queue | Villager (Male) |
| 14:08 | Queue | Villager (Male) |
| 14:15 | Queue | Villager (Male) |
| 14:25 | Queue | Villager (Male) |
| 15:08 | Queue | Villager (Male) |
| 15:08 | Queue | Villager (Male) |
| 15:08 | Queue | Villager (Male) |
Build order — Lord_calderon
65 actions detected in the replay
| 0:01 | Queue | Villager (Male) |
| 0:01 | Queue | Villager (Male) |
| 0:02 | Build | House |
| 0:03 | Build | House |
| 0:07 | Queue | Villager (Male) |
| 0:24 | Queue | Villager (Male) |
| 0:25 | Queue | Villager (Male) |
| 1:24 | Queue | Villager (Male) |
| 1:24 | Queue | Villager (Male) |
| 2:08 | Queue | Villager (Male) |
| 2:09 | Queue | Villager (Male) |
| 2:25 | Queue | Villager (Male) |
| 2:26 | Queue | Villager (Male) |
| 2:45 | Queue | Villager (Male) |
| 2:45 | Queue | Villager (Male) |
| 3:06 | Queue | Villager (Male) |
| 3:06 | Queue | Villager (Male) |
| 3:31 | Build | House |
| 3:46 | Queue | Villager (Male) |
| 3:53 | Build | Mill |
| 4:13 | Build | Lumber Camp |
| 4:16 | Queue | Villager (Male) |
| 4:35 | Queue | Villager (Male) |
| 4:36 | Queue | Villager (Male) |
| 4:36 | Queue | Villager (Male) |
| 5:17 | Queue | Villager (Male) |
| 5:36 | Queue | Villager (Male) |
| 5:44 | Queue | Villager (Male) |
| 6:04 | Build | House |
| 6:07 | Build | Palisade Wall |
| 6:20 | Build | Palisade Wall |
| 7:19 | Research | Feudal Age |
| 7:51 | Build | Mining Camp |
| 9:24 | Queue | Villager (Male) |
| 9:29 | Age | Feudal Age |
| 9:45 | Queue | Villager (Male) |
| 9:46 | Queue | Villager (Male) |
| 9:57 | Build | Blacksmith |
| 10:32 | Build | Watch Tower |
| 10:35 | Queue | Villager (Male) |
| 11:02 | Build | Watch Tower |
| 11:11 | Queue | Villager (Male) |
| 11:26 | Queue | Villager (Male) |
| 11:56 | Build | House |
| 11:57 | Queue | Villager (Male) |
| 12:13 | Research | Fletching |
| 12:26 | Build | Watch Tower |
| 12:33 | Build | Palisade Wall |
| 12:38 | Build | Palisade Wall |
| 12:39 | Build | Palisade Wall |
| 12:41 | Build | Palisade Wall |
| 12:47 | Build | Palisade Wall |
| 12:53 | Build | Palisade Wall |
| 12:57 | Build | Palisade Wall |
| 13:52 | Queue | Villager (Male) |
| 13:54 | Build | Farm |
| 13:54 | Build | Farm |
| 13:54 | Build | Farm |
| 13:57 | Queue | Villager (Male) |
| 14:15 | Build | Watch Tower |
| 15:16 | Build | Palisade Wall |
| 15:17 | Build | Palisade Wall |
| 15:20 | Build | Palisade Wall |
| 16:07 | Build | Palisade Wall |
| 16:08 | Build | Palisade Wall |
Match timeline
| 3:45 | BarddoK · wall_segment Palisade Wall x2 |
| 3:46 | BarddoK · wall_segment Palisade Wall x1 |
| 6:07 | Lord_calderon · wall_segment Palisade Wall x4 |
| 6:20 | Lord_calderon · wall_segment Palisade Wall x10 |
| 7:44 | BarddoK · first_building Barracks |
| 9:26 | BarddoK · age_up feudal |
| 9:29 | Lord_calderon · age_up feudal |
| 12:33 | Lord_calderon · wall_segment Palisade Wall x1 |
| 12:38 | Lord_calderon · wall_segment Palisade Wall x1 |
| 12:39 | Lord_calderon · wall_segment Palisade Wall x1 |
| 12:41 | Lord_calderon · wall_segment Palisade Wall x1 |
| 12:47 | Lord_calderon · wall_segment Palisade Wall x1 |
| 12:53 | Lord_calderon · wall_segment Palisade Wall x1 |
| 12:57 | Lord_calderon · wall_segment Palisade Wall x1 |
| 15:16 | Lord_calderon · wall_segment Palisade Wall x1 |
| 15:17 | Lord_calderon · wall_segment Palisade Wall x1 |
| 15:20 | Lord_calderon · wall_segment Palisade Wall x1 |
| 16:07 | Lord_calderon · wall_segment Palisade Wall x1 |
| 16:08 | Lord_calderon · wall_segment Palisade Wall x1 |
| 16:31 | Lord_calderon · resign |
[ AI ANALYSIS · 1 CREDIT ]
What really happened in this match?
Wolo.gg analyzes every decision: build order, eco, micro, common mistakes by bracket. Personalized analysis on WhatsApp or Discord in 30 seconds.
Civ guide
Mongols
Perfil
Jugador #9769680